 Dungeon Crawl Stone Soup version 0.30-a0-187-gd9c2deaf24 (webtiles) character file.

Game seed: 10331393794413868583

7415 IdlyInterested the Fighter (level 10, -3/80 HPs)
             Began as a Demonspawn Wanderer on Oct 3, 2022.
             Succumbed to a green ugly thing's poison
             ... on level 7 of the Dungeon.
             The game lasted 00:41:31 (9610 turns).

IdlyInterested the Fighter (Demonspawn Wanderer)    Turns: 9610, Time: 00:41:32

Health: -3/80      AC:  8    Str: 14    XL:     10   Next: 93%
Magic:  13/21      EV: 17    Int: 25    God:
Gold:   38         SH:  0    Dex: 11    Spells: 18/24 levels left

rFire   + + .      SeeInvis +    c - +7 dagger of the Rescuing Visionary {pain, Int+8 SInv}
rCold   . . .      Faith    .    (no shield)
rNeg    . . .      Spirit   +    G - +0 steam dragon scales
rPois   .          Reflect  .    (helmet restricted)
rElec   .          Harm     .    W - +0 cloak of Love and Death {+Inv Slay+2}
rCorr   .          Rampage  .    D - +0 pair of gloves
Will    .....                    (no boots)
Stlth   ++........               j - amulet of guardian spirit
HPRegen 0.33/turn                k - +4 ring of evasion
MPRegen 0.17/turn                V - ring of Omnefal {+Blink Fly rF++ Int-3}

@: lethally poisoned (-3 -> -27), flying
A: antennae 2, foul stench 1, spiny 1, big brain 1
a: Evoke Blink, Evoke Invisibility


You were on level 7 of the Dungeon.
You visited 2 branches of the dungeon, and saw 8 of its levels.
You also visited: Ossuary.

You collected 591 gold pieces.
You spent 553 gold pieces at shops.

Inventory:

Hand Weapons
 a - a +0 halberd
 c - the +7 dagger of the Rescuing Visionary (weapon) {pain, Int+8 SInv}
   (You found it on level 6 of the Dungeon)

   In the hands of one skilled in necromantic magic, it inflicts extra damage on
   living creatures.
   Int:       It affects your intelligence (+8).
   SInv:      It lets you see invisible.
 f - a +0 dagger
 h - a +0 spear
 p - a +2 rapier of venom
 r - a +4 flail of protection
 u - a +0 war axe
 w - a +0 quarterstaff
 F - a +1 flail
 H - a +1 whip of freezing
 O - a +2 flail of protection
 T - a +0 short sword
Missiles
 S - 6 silver javelins
Armour
 e - a +1 cloak
 g - a +2 leather armour of fire resistance
 y - a +1 chain mail of willpower
 D - a +0 pair of gloves (worn)
 G - +0 steam dragon scales (worn)
 U - a +0 troll leather armour
 W - the +0 cloak of Love and Death (worn) {+Inv Slay+2}
   (You found it on level 7 of the Dungeon)

   Slay:      It affects your accuracy & damage with ranged weapons and melee
   (+2).
   +Inv:      It lets you turn invisible.
Magical Staves
 C - a staff of earth
Jewellery
 j - an amulet of guardian spirit (around neck)
 k - a +4 ring of evasion (left hand)
 s - a ring of resist corrosion
 V - the ring of Omnefal (right hand) {+Blink Fly rF++ Int-3}
   (You found it on level 7 of the Dungeon)

   [ring of flight]

   Int:       It affects your intelligence (-3).
   rF:        It greatly protects you from fire.
   Fly:       It grants you flight.
   +Blink:    It lets you blink.
Wands
 d - a wand of polymorph (4)
 o - a wand of iceblast (9)
 z - a wand of digging (8)
 Q - a wand of flame (27)
Scrolls
 l - 3 scrolls of teleportation {unknown}
 m - 3 scrolls of enchant weapon {unknown}
 v - a scroll of magic mapping {unknown}
 x - 4 scrolls of blinking
 B - 2 scrolls of immolation
 E - 3 scrolls of silence {unknown}
 I - a scroll of butterflies {unknown}
 J - a scroll of vulnerability {unknown}
 K - 6 scrolls of poison
 M - 2 scrolls of brand weapon
 P - a scroll of fear {unknown}
 R - a scroll of enchant armour
Potions
 b - a potion of mutation
 i - 4 potions of curing
 n - 2 potions of flight
 q - a potion of lignification
 t - 2 potions of attraction
 A - 6 potions of brilliance
 L - a potion of cancellation
 N - a potion of haste


   Skills:
 - Level 8.0 Fighting
 - Level 4.0 Armour
 - Level 4.0 Dodging
 - Level 4.0 Stealth
 * Level 7.7 Spellcasting
 - Level 4.0 Conjurations
 - Level 4.0 Hexes
 + Level 4.8 Necromancy
 - Level 4.0 Fire Magic
 - Level 4.0 Air Magic
 - Level 2.0 Earth Magic
 - Level 4.0 Evocations


You had 18 spell levels left.
You knew the following spells:

 Your Spells              Type           Power      Damage    Failure   Level
a - Foxfire               Conj/Fire      100%       2x1d9     1%          1
b - Kiss of Death         Conj/Necr      100%       2d13      1%          1
c - Shock                 Conj/Air       100%       1d9       1%          1
d - Dazzling Flash        Conj/Hex       58%        N/A       3%          3

Your spell library contained the following spells:

 Spells                   Type           Power      Damage    Failure   Level
 Sublimation of Blood     Necr           33%        N/A       1%          2
 Inner Flame              Hex/Fire       29%        N/A       3%          3
 Swiftness                Air            29%        N/A       3%          3
 Animate Dead             Necr           33%        N/A       9%          4
 Airstrike                Air            14%        2d(3-19)  12%         4
 Agony                    Necr           33%        N/A       24%         5
 Silence                  Hex/Air        14%        N/A       32%         5
 Petrify                  Tmut/Erth      14%        N/A       38%         4
 Metabolic Englaciation   Hex/Ice        9%         N/A       58%         5
 Statue Form              Tmut/Erth      9%         N/A       99%         6


Dungeon Overview and Level Annotations

Branches:
Dungeon (7/15)             Temple (1/1) D:5         Ossuary (visited)

Altars:
Ashenzari
Cheibriados
Dithmenos
Fedhas
Gozag
Hepliaklqana
Kikubaaqudgha
Makhleb
Nemelex Xobeh
Okawaru
Uskayaw
Vehumet
Wu Jian
Xom
Yredelemnul

Shops:
D:1 ?   D:5 [


Innate Abilities, Weirdness & Mutations

You have a pair of antennae on your head.
You may rarely emit foul miasma when damaged in melee.
You are partially covered in sharp spines.
You have an unusually large brain. (Int +2)


Message History

The white imp is no longer blind.
The green ugly thing is engulfed in dark miasma.
The green ugly thing seems to slow down.
The green ugly thing completely misses you.
The orc complains loudly, as Orcs often do.
You puncture the green ugly thing!
The green ugly thing writhes in agony.
The green ugly thing is heavily wounded.
You feel extremely sick.
The howler monkey is no longer blind.
The wyvern is no longer blind.
The green ugly thing is engulfed in dark miasma.
The green ugly thing barely misses you.
You hit the green ugly thing.
The green ugly thing is severely wounded.
You feel very sick.
You hit the green ugly thing.
The green ugly thing writhes in agony.
The green ugly thing is almost dead.
You feel very sick.
The green ugly thing is engulfed in dark miasma.
The green ugly thing seems to slow down.
The green ugly thing engulfs you!
You are lethally poisoned!
The green ugly thing poisons you!
You puncture the green ugly thing!
You kill the green ugly thing!
* * * LOW HITPOINT WARNING * * *
You feel extremely sick.
The white imp laughs crazily.
You puncture the wight!
The wight is heavily damaged.
* * * LOW HITPOINT WARNING * * *
You feel extremely sick. The wight completely misses you.
You hit the wight.
The wight is heavily damaged.
* * * LOW HITPOINT WARNING * * *
You feel extremely sick. The wight barely misses you.
You puncture the wight!
The wight is almost destroyed.
You die...

## #####♣.♣#####
####### ♣
♣♣♣♣♣♣♣.♣
♣#♣.......♣
.#♣.♣♣♣♣♣♣♣ ♣♣♣ #
♣#♣.♣{ ..♣ .# ♣
♣.♣ ♣.♣ (.## ♣
♣.♣ ♣.♣ {.[..#
##♣.♣ ♣.♣#lh.P.#
....♣ ♣.@zO5~..#
##♣.♣ ♣.♣#5o.P.#
♣ ♣.♣ ♣.♣ {.[..#
♣ ♣†♣ ♣.♣ (.##
♣#♣.♣{ ♣.♣ .#
.#♣.♣♣♣♣♣♣♣♣♣♣♣.♣
# ##
♣#♣.............♣
.# ♣
♣♣♣♣♣♣♣.♣♣♣♣♣♣♣
##.# ##
#####♣.♣#######
### #..#


You could see a two-headed ogre, a wyvern, a howler monkey, a wight, a white
imp, a shadow imp and an orc.

Vanquished Creatures
  A two-headed ogre (D:7)
  Pikel (D:6)
  An ugly thing (D:7)
  Maggie (D:6)
  A kobold demonologist (D:7)
  A troll (D:7)
  2 hornets (D:7)
  Eustachio (D:5)
  A steam dragon (D:7)
  Menkaure (D:5)
  Edmund (D:6)
  Duvessa (D:5)
  2 water moccasins
  An orc warrior (D:7)
  4 sky beasts
  A black bear (D:7)
  3 ice beasts
  3 ogres
  6 phantoms
  3 elf zombies (D:4)
  6 bullfrogs
  3 necrophages
  An elf skeleton (D:4)
  6 scorpions
  Dowan (D:5)
  5 wights
  A killer bee (D:7)
  An electric eel (D:7)
  A howler monkey (D:7)
  7 hounds
  2 human zombies (D:4)
  A gnoll bouda (D:6)
  2 jellies
  3 iguanas
  2 orc wizards (D:5)
  8 mummies (Ossuary)
  Robin (D:3)
  15 gnolls
  9 adders
  A shadow imp (D:5)
  2 worms
  7 dart slugs
  18 orcs
  6 ball pythons
  7 endoplasms
  3 giant cockroaches
  3 gnoll zombies (Ossuary)
  17 goblins
  5 hobgoblins
  4 jackals (D:3)
  4 quokkas
  10 bats
  A frilled lizard (D:3)
  2 hobgoblin zombies (Ossuary)
  4 kobolds
  A kobold zombie (Ossuary)
  2 orc zombies (Ossuary)
  4 rats
212 creatures vanquished.

Vanquished Creatures (others)
  3 orcs (D:5)
  166 foxfires
  20 plants
  A withered plant (D:4)
190 creatures vanquished.

Grand Total: 402 creatures vanquished

Notes
Turn   | Place    | Note
-------+----------+-------------------------------------------
     0 | D:1      | IdlyInterested the Demonspawn Wanderer began the quest for
                  | the Orb.
     0 | D:1      | IdlyInterested set off with the following items: a +0 club,
                  | a potion of mutation, a +0 robe, a wand of polymorph (5);
                  | and the following spells available to memorise: Sublimation
                  | of Blood, Kiss of Death, Foxfire, Inner Flame, Animate
                  | Dead.
     0 | D:1      | Reached XP level 1. HP: 13/13 MP: 2/2
     2 | D:1      | Learned a level 1 spell: Foxfire
     4 | D:1      | Learned a level 1 spell: Kiss of Death
   184 | D:1      | Reached skill level 1 in Fighting
   224 | D:1      | Gained mutation: You are partially covered in sharp spines.
                  | [demonic ancestry]
   224 | D:1      | Reached XP level 2. HP: 21/21 MP: 3/3
   265 | D:1      | Found Husisoiv's Magic Scroll Shop.
   773 | D:1      | Bought a scroll of noise for 14 gold pieces
   916 | D:2      | Reached skill level 1 in Dodging
   970 | D:2      | Reached XP level 3. HP: 27/27 MP: 2/4
  1073 | D:2      | Reached skill level 2 in Fighting
  1522 | D:2      | Gained mutation: You have a pair of small antennae on your
                  | head. [demonic ancestry]
  1522 | D:2      | Reached XP level 4. HP: 20/33 MP: 4/6
  1842 | D:1      | Bought a scroll of identify for 28 gold pieces
  1955 | D:3      | Noticed Robin
  1973 | D:3      | Found a broken altar of Ashenzari.
  1976 | D:3      | Killed Robin
  2698 | D:3      | Noticed a phantom
  2713 | D:3      | Killed a phantom
  2714 | D:3      | Reached skill level 3 in Fighting
  2714 | D:3      | Reached XP level 5. HP: 33/41 MP: 8/8
  2869 | D:4      | Reached skill level 1 in Armour
  2896 | D:4      | Noticed a phantom
  2904 | D:4      | Killed a phantom
  2905 | D:4      | Reached XP level 6. HP: 47/47 MP: 10/10
  3034 | D:4      | Reached skill level 1 in Conjurations
  3055 | D:4      | Reached skill level 4 in Fighting
  3059 | D:4      | Found a sand-covered staircase.
  3073 | D:4      | Gained mutation: You have a pair of antennae on your head.
                  | [demonic ancestry]
  3073 | D:4      | Reached XP level 7. HP: 16/54 MP: 11/11
  3136 | Ossuary  | Entered an ossuary
  4237 | D:4      | Gained mutation: You have an unusually large brain. (Int
                  | +2) [demonic ancestry]
  4237 | D:4      | Reached XP level 8. HP: 6/55 MP: 14/14
  4415 | D:4      | Reached skill level 5 in Fighting
  4683 | D:4      | Found a blossoming altar of Fedhas.
  4683 | D:4      | Found an ancient bone altar of Kikubaaqudgha.
  4973 | D:4      | Learned a level 1 spell: Shock
  5043 | D:5      | Entered Level 5 of the Dungeon
  5166 | D:1      | Bought a scroll of brand weapon for 133 gold pieces
  5166 | D:1      | Bought a scroll of enchant armour for 105 gold pieces
  5166 | D:1      | Bought a scroll of blinking for 105 gold pieces
  5319 | D:5      | Reached skill level 5 in Spellcasting
  5524 | D:5      | Noticed Menkaure
  5530 | D:5      | Killed Menkaure
  5704 | D:5      | Noticed Dowan
  5704 | D:5      | Noticed Duvessa
  5722 | D:5      | Killed Duvessa
  5724 | D:5      | Killed Dowan
  5888 | D:5      | Found Zotez's Antique Armour Shoppe.
  5974 | D:5      | Found a shadowy altar of Dithmenos.
  6034 | D:5      | Found a shimmering altar of Xom.
  6049 | D:5      | Reached skill level 6 in Fighting
  6049 | D:5      | Reached XP level 9. HP: 60/69 MP: 4/16
  6200 | D:5      | Noticed Eustachio
  6229 | D:5      | Killed Eustachio
  6230 | D:5      | Reached skill level 1 in Air Magic
  6719 | D:5      | Found a staircase to the Ecumenical Temple.
  6735 | Temple   | Entered the Ecumenical Temple
  7171 | D:1      | Bought 2 scrolls of poison for 112 gold pieces
  7424 | D:6      | Noticed Edmund
  7426 | D:6      | Noticed Maggie
  7437 | D:6      | Killed Maggie
  7438 | D:6      | Killed Edmund
  7438 | D:6      | HP: 3/69 [gnoll bouda/+0 club (3)]
  7599 | D:6      | Identified the +7 dagger of the Rescuing Visionary {pain,
                  | Int+8 SInv}
  7606 | D:6      | Learned a level 3 spell: Dazzling Flash
  7647 | D:6      | Noticed Pikel
  7681 | D:6      | Killed Pikel
  7682 | D:6      | Reached skill level 7 in Fighting
  7741 | D:6      | Reached skill level 1 in Stealth
  7782 | D:6      | Reached skill level 1 in Earth Magic
  7790 | D:6      | Gained mutation: You may rarely emit foul miasma when
                  | damaged in melee. [demonic ancestry]
  7790 | D:6      | Reached XP level 10. HP: 70/79 MP: 14/19
  8611 | D:1      | Bought a scroll of immolation for 56 gold pieces
  9056 | D:7      | Reached skill level 1 in Hexes
  9271 | D:7      | Identified the ring of Omnefal {+Blink Fly rF++ Int-3}
  9331 | D:7      | Reached skill level 8 in Fighting
  9331 | D:7      | Identified the +0 cloak of Love and Death {+Inv Slay+2}
  9457 | D:7      | Noticed a two-headed ogre
  9468 | D:7      | Killed a two-headed ogre
  9589 | D:7      | Noticed a two-headed ogre
  9590 | D:7      | Noticed a green ugly thing
  9607 | D:7      | Killed a green ugly thing
  9609 | D:7      | HP: 3/80 [poisoned by a green ugly thing]
  9610 | D:7      | Succumbed to a green ugly thing's poison

Illustrated notes

Levels and vault maps discovered:
D:1:      nagdon_arrival_double_spiral, layout_basic, serial_shops,
          nicolae_shop_advertising_works [nicolae_subvault_shop_adworks]
D:2:      layout_basic, minmay_box_of_dots
D:3:      layout_loops_ring, ashenzari_conservatory_becter, serial_forest,
          infiniplex_forest_clump_small, infiniplex_forest_straight_3,
          infiniplex_forest_lined_2, infiniplex_forest_straight_2,
          infiniplex_forest_straight_2, infiniplex_forest_clump_medium,
          infiniplex_forest_lined_1, infiniplex_forest_clump_curved,
          chequers_serial_rivers_small_a, uniq_robin
D:4:      minmay_spotlight, layout_rooms,
          grunt_temple_overflow_growth_and_decay, zin_treasury,
          nicolae_ossuary_entry_catacombs, ebering_dispersal_statue_hall,
          minmay_vboxes
D:5:      layout_loops_corners, grunt_dithmenos_shadows,
          mainiacjoe_overflow_brackets, lemuel_temple_firewalk_a, serial_shops,
          shop, uniq_eustachio, uniq_menkaure, uniq_duvessa
D:6:      layout_rooms, uniq_edmund, uniq_pikel, uniq_maggie
D:7:      nzn_winding_woodlands_large [nzn_winding_woodlands_5x5_perimeter,
          nzn_winding_woodlands_5x15_pockets,
          nzn_winding_woodlands_5x5_open_star,
          nzn_winding_woodlands_center_diamonds,
          nzn_winding_woodlands_15x15_boxy_spiral,
          nzn_winding_woodlands_center_garden, nzn_winding_woodlands_hourglass,
          nzn_winding_woodlands_5x15_river_crossing,
          nzn_winding_woodlands_5x5_three], layout_basic,
          mainiacjoe_overflow_swirl
Temple:   hellmonk_temple_of_storms

Skill      XL: |  1  2  3  4  5  6  7  8  9 10 |
---------------+-------------------------------+-----
Fighting       | 1 2 3 4 6 7 8 |  8.0
Dodging        | 1 2 4 |  4.0
Necromancy     | 4 |  4.8
Spellcasting   | 2 3 4 5 6 7 |  7.7
Fire Magic     | 3 4 |  4.0
Armour         | 2 3 4 |  4.0
Conjurations   | 1 3 4 |  4.0
Evocations     | 4 |  4.0
Air Magic      | 4 |  4.0
Stealth        | 1 4 |  4.0
Earth Magic    | 1 2 |  2.0
Hexes          | 4 |  4.0

Action                   |  1- 3 |  4- 6 |  7- 9 | 10-12 || total
-------------------------+-------+-------+-------+-------++-------
Melee: Club              |    43 |       |       |       ||    43
       War axe           |    16 |   128 |   224 |       ||   368
       Punch             |       |       |     2 |     2 ||     4
       Dagger            |       |       |    41 |   154 ||   195
 Cast: Foxfire           |    26 |     5 |    63 |     6 ||   100
       Shock             |       |       |    13 |       ||    13
       Dazzling Flash    |       |       |     4 |     5 ||     9
       Kiss of Death     |       |       |     1 |       ||     1
Evoke: Wand              |     1 |       |     2 |       ||     3
  Use: Scroll            |       |     2 |     3 |     1 ||     6
       Potion            |       |       |    11 |       ||    11
 Stab: Invisible         |       |       |     2 |     2 ||     4
       Sleeping          |       |       |       |     1 ||     1
Armor: Robe              |    21 |    13 |       |       ||    34
       Chain mail        |       |    65 |     1 |       ||    66
       Scale mail        |       |       |   142 |       ||   142
       Steam dragon scal |       |       |    16 |    40 ||    56
Dodge: Dodged            |    35 |    62 |   161 |   105 ||   363

Table legend: (Time is in decaauts)
 A = Elapsed time spent in this place.
 B = Non-inter-level travel time spent in this place.
 C = Inter-level travel time spent in this place.
 D = Time resting spent in this place.
 E = Time spent auto-exploring this place.
 F = Levels seen in this place.
 G = Mean time per level.
                   A        B        C        D        E       F      G
               +--------+--------+--------+--------+--------+-----+--------+
         Total |   9827 |   8054 |   1773 |   1879 |   3653 |   9 | 1091.9 |
       Dungeon |   9037 |   7267 |   1770 |   1560 |   3433 |   7 | 1291.0 |
        Temple |     46 |     43 |      3 |      0 |     24 |   1 |   46.0 |
       Ossuary |    743 |    743 |      0 |    319 |    196 |   1 |  743.0 |
               +--------+--------+--------+--------+--------+-----+--------+

Top non-repeatable levels by time:
     D:5: 2257 daAuts
     D:4: 1470 daAuts
     D:3: 1409 daAuts
     D:2: 1158 daAuts
     D:6: 1018 daAuts
     D:1: 972 daAuts
     D:7: 750 daAuts
 Ossuary: 743 daAuts
  Temple: 46 daAuts
